[ AOE2 MATCH · #506557383 ]
UnrankedMagyars vs Turks
Player's team · LOSS
Rival team · WIN
[ REPLAY ANALYSIS · EXTRACTED FROM THE RECORDED GAME ]
Feudal
8:46
Castle
22:39
Imperial
—
| APM avg | 59.4 |
| APM peak | 102 |
| eAPM avg | 29.1 |
| Villagers / military | 128 / 48 |
Focus
⚔️ 34.8% · 🌾 65.2%
Magyar Huszar ×21 · Mangonel ×12 · Scout Cavalry ×9 · Skirmisher ×6
Feudal
10:55
Castle
25:58
Imperial
—
| APM avg | 55.3 |
| APM peak | 101 |
| eAPM avg | 29.7 |
| Villagers / military | 93 / 96 |
Focus
⚔️ 49.5% · 🌾 50.5%
Cavalry Archer ×48 · Archer ×28 · Spearman ×7 · Mangonel ×6 · Militia ×4 · Scout Cavalry ×3
Match map
Initial resources + every placement click. Lines = walls · curves = elevation contours. ◆ gold · ⬟ stone · ● berries · ✦ relic · ◌ wall gap
Your base· ✓ Closed at 22:39 · 64t walls · no gate
J40 | Kylian dictador's base· ✓ Closed at 25:58 · 28t walls · 1 gate(s)
Smoothed initial terrain · ◌ = detected wall gap · hover for details
Inputs per minute
— elpanchovilla14 - - J40 | Kylian dictador
Build order — elpanchovilla14
First 150 of 306 actions detected
| 0:01 | Queue | Villager (Male) |
| 0:01 | Queue | Villager (Male) |
| 0:01 | Queue | Villager (Male) |
| 0:02 | Build | House |
| 0:03 | Build | House |
| 0:08 | Queue | Villager (Male) |
| 1:29 | Queue | Villager (Male) |
| 1:57 | Queue | Villager (Male) |
| 1:57 | Queue | Villager (Male) |
| 1:59 | Build | Lumber Camp |
| 2:19 | Queue | Villager (Male) |
| 2:36 | Queue | Villager (Male) |
| 3:06 | Queue | Villager (Male) |
| 3:09 | Queue | Villager (Male) |
| 3:35 | Build | House |
| 4:04 | Queue | Villager (Male) |
| 4:05 | Queue | Villager (Male) |
| 4:08 | Build | House |
| 4:09 | Queue | Villager (Male) |
| 4:42 | Queue | Villager (Male) |
| 4:42 | Queue | Villager (Male) |
| 5:09 | Build | Mill |
| 5:47 | Research | Loom |
| 5:48 | Research | Loom |
| 6:36 | Research | Feudal Age |
| 6:36 | Research | Feudal Age |
| 7:33 | Build | Palisade Wall |
| 7:35 | Build | Palisade Wall |
| 7:55 | Build | Barracks |
| 8:01 | Queue | Villager (Male) |
| 8:09 | Build | Palisade Wall |
| 8:13 | Build | Palisade Wall |
| 8:15 | Build | Palisade Wall |
| 8:17 | Build | Palisade Wall |
| 8:21 | Build | Palisade Wall |
| 8:21 | Build | Palisade Wall |
| 8:29 | Build | Palisade Wall |
| 8:31 | Build | Palisade Wall |
| 8:46 | Age | Feudal Age |
| 8:48 | Queue | Villager (Male) |
| 9:24 | Build | Stable |
| 9:26 | Queue | Villager (Male) |
| 9:35 | Build | Palisade Wall |
| 9:44 | Queue | Villager (Male) |
| 9:47 | Research | Double-Bit Axe |
| 9:48 | Research | Double-Bit Axe |
| 10:06 | Queue | Scout Cavalry |
| 10:06 | Queue | Scout Cavalry |
| 10:21 | Build | Farm |
| 10:21 | Queue | Villager (Male) |
| 10:44 | Build | Farm |
| 10:49 | Queue | Scout Cavalry |
| 10:54 | Build | Farm |
| 10:59 | Queue | Villager (Male) |
| 11:03 | Build | Farm |
| 11:15 | Build | House |
| 11:30 | Build | Farm |
| 11:45 | Queue | Villager (Male) |
| 11:49 | Build | Farm |
| 11:51 | Build | Farm |
| 12:02 | Queue | Scout Cavalry |
| 12:03 | Queue | Villager (Male) |
| 12:10 | Build | Farm |
| 12:19 | Queue | Scout Cavalry |
| 12:19 | Queue | Villager (Male) |
| 12:33 | Build | House |
| 12:51 | Queue | Scout Cavalry |
| 13:01 | Build | Archery Range |
| 13:03 | Queue | Villager (Male) |
| 13:13 | Queue | Villager (Male) |
| 13:28 | Queue | Villager (Male) |
| 13:43 | Build | Farm |
| 13:52 | Queue | Skirmisher |
| 14:05 | Queue | Skirmisher |
| 14:06 | Queue | Villager (Male) |
| 14:09 | Build | House |
| 14:11 | Build | Palisade Wall |
| 14:17 | Build | Farm |
| 14:22 | Queue | Villager (Male) |
| 14:26 | Build | Farm |
| 14:34 | Build | House |
| 14:36 | Queue | Scout Cavalry |
| 14:37 | Queue | Villager (Male) |
| 14:51 | Queue | Skirmisher |
| 15:05 | Queue | Villager (Male) |
| 15:08 | Queue | Villager (Male) |
| 15:13 | Queue | Scout Cavalry |
| 15:18 | Queue | Villager (Male) |
| 15:27 | Build | Farm |
| 15:28 | Build | Farm |
| 15:28 | Queue | Villager (Male) |
| 15:33 | Build | House |
| 15:39 | Queue | Villager (Male) |
| 15:43 | Queue | Villager (Male) |
| 15:55 | Build | Blacksmith |
| 15:55 | Queue | Skirmisher |
| 15:56 | Queue | Villager (Male) |
| 16:02 | Queue | Villager (Male) |
| 16:03 | Queue | Villager (Male) |
| 16:11 | Build | Farm |
| 16:11 | Queue | Villager (Male) |
| 16:23 | Build | House |
| 16:27 | Build | Palisade Wall |
| 16:30 | Queue | Scout Cavalry |
| 16:31 | Queue | Villager (Male) |
| 16:33 | Queue | Skirmisher |
| 16:40 | Queue | Skirmisher |
| 16:45 | Research | Fletching |
| 16:48 | Build | House |
| 17:17 | Queue | Villager (Male) |
| 17:36 | Build | Mining Camp |
| 18:04 | Build | Palisade Wall |
| 18:16 | Build | Palisade Wall |
| 18:20 | Queue | Villager (Male) |
| 18:38 | Build | Palisade Wall |
| 18:44 | Build | House |
| 18:47 | Build | Palisade Wall |
| 18:53 | Queue | Villager (Male) |
| 18:57 | Build | House |
| 19:04 | Queue | Villager (Male) |
| 19:19 | Build | House |
| 19:39 | Build | Mining Camp |
| 19:59 | Research | Castle Age |
| 19:59 | Research | Castle Age |
| 20:30 | Research | Scale Barding Armor |
| 20:31 | Research | Scale Barding Armor |
| 20:35 | Build | Farm |
| 20:36 | Build | Farm |
| 21:12 | Build | Farm |
| 21:14 | Build | Farm |
| 21:17 | Build | Farm |
| 21:21 | Build | Palisade Wall |
| 21:21 | Build | Farm |
| 21:47 | Build | Watch Tower |
| 21:49 | Research | Horse Collar |
| 21:50 | Research | Horse Collar |
| 21:50 | Research | Gold Mining |
| 21:54 | Build | Farm |
| 21:58 | Build | House |
| 22:14 | Build | House |
| 22:16 | Build | House |
| 22:31 | Build | House |
| 22:38 | Build | Palisade Wall |
| 22:39 | Age | Castle Age |
| 22:40 | Queue | Villager (Male) |
| 22:44 | Queue | Villager (Male) |
| 23:03 | Build | Town Center |
| 23:11 | Research | Chain Barding Armor |
| 23:16 | Research | Bow Saw |
| 23:16 | Research | Bow Saw |
Build order — J40 | Kylian dictador
First 150 of 324 actions detected
| 0:01 | Queue | Villager (Male) |
| 0:01 | Queue | Villager (Male) |
| 0:02 | Build | House |
| 0:03 | Build | House |
| 0:37 | Queue | Villager (Male) |
| 0:37 | Queue | Villager (Male) |
| 1:29 | Queue | Villager (Male) |
| 1:43 | Build | Lumber Camp |
| 2:01 | Queue | Villager (Male) |
| 2:10 | Queue | Villager (Male) |
| 2:55 | Queue | Villager (Male) |
| 3:14 | Queue | Villager (Male) |
| 3:29 | Build | House |
| 3:35 | Queue | Villager (Male) |
| 4:12 | Queue | Villager (Male) |
| 4:12 | Queue | Villager (Male) |
| 4:13 | Queue | Villager (Male) |
| 4:18 | Build | House |
| 4:55 | Queue | Villager (Male) |
| 4:59 | Build | Barracks |
| 5:07 | Queue | Villager (Male) |
| 5:21 | Build | House |
| 5:33 | Queue | Villager (Male) |
| 5:56 | Research | Loom |
| 6:01 | Queue | Militia |
| 6:12 | Queue | Militia |
| 6:12 | Queue | Militia |
| 6:12 | Queue | Militia |
| 6:22 | Queue | Villager (Male) |
| 6:27 | Build | Mill |
| 6:38 | Queue | Villager (Male) |
| 7:02 | Queue | Villager (Male) |
| 7:18 | Build | Mill |
| 7:31 | Queue | Villager (Male) |
| 7:57 | Build | Farm |
| 7:59 | Research | Loom |
| 8:23 | Build | Farm |
| 8:45 | Research | Feudal Age |
| 9:12 | Build | Lumber Camp |
| 9:29 | Queue | Villager (Male) |
| 10:07 | Build | Palisade Gate |
| 10:13 | Queue | Villager (Male) |
| 10:13 | Queue | Villager (Male) |
| 10:14 | Queue | Villager (Male) |
| 10:14 | Queue | Villager (Male) |
| 10:55 | Age | Feudal Age |
| 10:58 | Build | Archery Range |
| 11:01 | Build | Archery Range |
| 11:22 | Queue | Villager (Male) |
| 11:25 | Build | Mining Camp |
| 11:38 | Queue | Spearman |
| 12:11 | Research | Man-at-Arms (upgrade) |
| 12:26 | Queue | Villager (Male) |
| 12:27 | Build | House |
| 12:41 | Queue | Spearman |
| 12:54 | Queue | Archer |
| 12:57 | Queue | Spearman |
| 13:04 | Build | Farm |
| 13:06 | Queue | Archer |
| 13:13 | Build | House |
| 13:18 | Queue | Villager (Male) |
| 13:32 | Queue | Archer |
| 13:33 | Queue | Spearman |
| 13:33 | Queue | Spearman |
| 13:51 | Build | Farm |
| 14:08 | Build | House |
| 14:10 | Queue | Villager (Male) |
| 14:11 | Queue | Archer |
| 14:11 | Queue | Archer |
| 14:13 | Queue | Spearman |
| 14:23 | Build | Blacksmith |
| 14:35 | Build | Farm |
| 14:45 | Queue | Villager (Male) |
| 14:45 | Queue | Villager (Male) |
| 14:50 | Queue | Archer |
| 14:50 | Queue | Archer |
| 14:55 | Queue | Archer |
| 15:18 | Build | House |
| 15:20 | Build | Palisade Wall |
| 15:22 | Build | Palisade Gate |
| 15:25 | Build | Palisade Wall |
| 15:26 | Queue | Villager (Male) |
| 15:27 | Queue | Villager (Male) |
| 15:31 | Build | Palisade Wall |
| 15:36 | Build | Palisade Wall |
| 15:37 | Queue | Spearman |
| 15:49 | Build | Farm |
| 15:53 | Queue | Archer |
| 15:56 | Queue | Archer |
| 16:12 | Queue | Villager (Male) |
| 16:25 | Build | Palisade Wall |
| 16:27 | Queue | Villager (Male) |
| 16:28 | Build | Farm |
| 16:29 | Build | Farm |
| 16:57 | Research | Double-Bit Axe |
| 16:59 | Queue | Archer |
| 16:59 | Queue | Archer |
| 17:00 | Queue | Archer |
| 17:06 | Build | House |
| 17:25 | Build | House |
| 17:26 | Queue | Villager (Male) |
| 17:34 | Queue | Archer |
| 17:34 | Queue | Archer |
| 17:40 | Build | Farm |
| 17:44 | Build | Farm |
| 17:56 | Build | Farm |
| 18:09 | Queue | Villager (Male) |
| 18:10 | Queue | Villager (Male) |
| 18:11 | Queue | Archer |
| 18:11 | Queue | Archer |
| 18:11 | Queue | Archer |
| 18:18 | Build | Palisade Wall |
| 18:21 | Queue | Villager (Male) |
| 18:24 | Build | Farm |
| 18:29 | Queue | Archer |
| 18:30 | Queue | Archer |
| 18:30 | Queue | Archer |
| 18:55 | Queue | Villager (Male) |
| 19:00 | Build | Stable |
| 19:03 | Queue | Archer |
| 19:03 | Queue | Archer |
| 19:17 | Queue | Archer |
| 19:22 | Build | House |
| 19:28 | Research | Wheelbarrow |
| 19:38 | Queue | Archer |
| 19:56 | Queue | Scout Cavalry |
| 19:57 | Build | Farm |
| 19:58 | Queue | Villager (Male) |
| 20:04 | Build | Farm |
| 20:12 | Queue | Scout Cavalry |
| 20:24 | Build | Farm |
| 20:24 | Build | Farm |
| 20:25 | Build | Farm |
| 20:25 | Build | Farm |
| 20:44 | Build | House |
| 20:47 | Build | House |
| 20:56 | Build | Farm |
| 21:16 | Queue | Scout Cavalry |
| 21:20 | Build | Farm |
| 21:23 | Build | Farm |
| 21:24 | Queue | Villager (Male) |
| 21:24 | Queue | Villager (Male) |
| 21:34 | Build | Farm |
| 21:57 | Build | Farm |
| 21:58 | Build | Farm |
| 22:33 | Build | Farm |
| 22:35 | Queue | Villager (Male) |
| 23:06 | Build | Market |
| 23:18 | Research | Castle Age |
| 23:18 | Research | Castle Age |
Match timeline
| 4:59 | J40 | Kylian dictador · first_building Barracks |
| 7:33 | elpanchovilla14 · wall_segment Palisade Wall x2 |
| 7:35 | elpanchovilla14 · wall_segment Palisade Wall x2 |
| 7:55 | elpanchovilla14 · first_building Barracks |
| 8:09 | elpanchovilla14 · wall_segment Palisade Wall x1 |
| 8:13 | elpanchovilla14 · wall_segment Palisade Wall x1 |
| 8:15 | elpanchovilla14 · wall_segment Palisade Wall x1 |
| 8:17 | elpanchovilla14 · wall_segment Palisade Wall x1 |
| 8:21 | elpanchovilla14 · wall_segment Palisade Wall x1 |
| 8:21 | elpanchovilla14 · wall_segment Palisade Wall x1 |
| 8:29 | elpanchovilla14 · wall_segment Palisade Wall x1 |
| 8:31 | elpanchovilla14 · wall_segment Palisade Wall x1 |
| 8:46 | elpanchovilla14 · age_up feudal |
| 9:24 | elpanchovilla14 · first_building Stable |
| 9:35 | elpanchovilla14 · wall_segment Palisade Wall x2 |
| 10:55 | J40 | Kylian dictador · age_up feudal |
| 10:58 | J40 | Kylian dictador · first_building Archery Range |
| 13:01 | elpanchovilla14 · first_building Archery Range |
| 14:11 | elpanchovilla14 · wall_segment Palisade Wall x8 |
| 15:20 | J40 | Kylian dictador · wall_segment Palisade Wall x1 |
| 15:25 | J40 | Kylian dictador · wall_segment Palisade Wall x8 |
| 15:31 | J40 | Kylian dictador · wall_segment Palisade Wall x12 |
| 15:36 | J40 | Kylian dictador · wall_segment Palisade Wall x5 |
| 16:25 | J40 | Kylian dictador · wall_segment Palisade Wall x1 |
| 16:27 | elpanchovilla14 · wall_segment Palisade Wall x8 |
| 18:04 | elpanchovilla14 · wall_segment Palisade Wall x16 |
| 18:16 | elpanchovilla14 · wall_segment Palisade Wall x4 |
| 18:18 | J40 | Kylian dictador · wall_segment Palisade Wall x1 |
| 18:38 | elpanchovilla14 · wall_segment Palisade Wall x7 |
| 18:47 | elpanchovilla14 · wall_segment Palisade Wall x6 |
| 19:00 | J40 | Kylian dictador · first_building Stable |
| 21:21 | elpanchovilla14 · wall_segment Palisade Wall x1 |
| 22:38 | elpanchovilla14 · wall_segment Palisade Wall x2 |
| 22:39 | elpanchovilla14 · age_up castle |
| 24:23 | elpanchovilla14 · first_building Castle |
| 24:58 | elpanchovilla14 · first_building Siege Workshop |
| 25:11 | elpanchovilla14 · wall_segment Palisade Wall x3 |
| 25:53 | J40 | Kylian dictador · first_market_buy 100 food |
| 25:58 | J40 | Kylian dictador · age_up castle |
| 27:16 | J40 | Kylian dictador · first_building Siege Workshop |
| 27:31 | elpanchovilla14 · first_market_buy 100 food |
| 28:42 | J40 | Kylian dictador · wall_segment Palisade Wall x1 |
| 28:46 | J40 | Kylian dictador · wall_segment Palisade Wall x1 |
| 29:07 | J40 | Kylian dictador · wall_segment Palisade Wall x1 |
| 29:08 | J40 | Kylian dictador · wall_segment Palisade Wall x1 |
| 29:10 | J40 | Kylian dictador · wall_segment Palisade Wall x1 |
| 31:17 | J40 | Kylian dictador · first_market_sell 100 food |
| 33:59 | elpanchovilla14 · first_market_sell 500 stone |
| 38:16 | elpanchovilla14 · resign |
[ AI ANALYSIS · 1 CREDIT ]
What really happened in this match?
Wolo.gg analyzes every decision: build order, eco, micro, common mistakes by bracket. Personalized analysis on WhatsApp or Discord in 30 seconds.
Civ guide
Magyars
Perfil
Jugador #21056380